Map: Submarine LE

Players

Cham - Winner!

  • Race: Zerg Zerg
  • League: Grandmaster
  • Spawn Location: 11:00

eGGz

  • Race: Zerg Zerg
  • League: Master
  • Spawn Location: 5:00

Event: DreamHack SC2 Masters 2020 Summer Latin America

VOD

Have the link to the VOD?

Description

Time

  • Played on: June 24, 2020, 5:06 p.m.
  • Length: 10:50

All games in this series

Show
View Real Time Build Order
Export as new Build Order

Cham Zerg - Winner!

Build Orders: Hatch First 

Get SALT Encoding   

  12  0:01  Drone  
  13  0:08  Drone  
  14  0:16  Overlord  
  14  0:35  Drone x2  
  16  0:48  Hatchery  
  15  0:51  Drone  
  15  0:56  Drone  
  17  1:05  Extractor  
  16  1:11  Spawning Pool  
  16  1:13  Drone  
  16  1:17  Drone  
  17  1:20  Drone  
  18  1:29  Drone  
  19  1:40  Drone  
  20  1:52  Drone  
  21  1:59  Queen x2  
  21  2:00  Overlord  
  25  2:02  Zergling x2  
  26  2:11  Metabolic Boost  
  26  2:13  Drone x2  
  28  2:22  Drone  
  29  2:23  Drone  
  30  2:35  Hatchery  
  29  2:47  Overlord  
  29  2:49  Zergling x4  
  30  2:51  Drone  
  30  2:55  Drone  
  32  3:01  Drone  
  33  3:07  Evolution Chamber, Drone x2  
  33  3:10  Zergling x6  
  33  3:12  Drone  
  38  3:20  Drone x3  
  38  3:21  Drone  
  42  3:32  Zergling x4  
  44  3:35  Zerg Missile Weapons Level 1  
  44  3:39  Roach Warren  
  43  3:43  Drone  
  43  3:45  Overlord  
  43  3:48  Drone x3  
  47  3:53  Drone x3  
  50  4:02  Queen  
  50  4:03  Overlord  
  50  4:08  Drone x3  
  55  4:14  Extractor  
  55  4:15  Lair  
  55  4:16  Extractor  
  53  4:18  Drone x2  
  53  4:19  Drone  
  53  4:21  Drone  
  57  4:24  Drone x2  
  57  4:27  Overlord  
  60  4:31  Drone  
  60  4:32  Roach  
  60  4:35  Drone x2  
  60  4:36  Roach  
  65  4:41  Overlord  
  65  4:42  Overlord  
  65  4:50  Roach  
  67  4:54  Overlord  
  67  4:58  Roach x2  
  69  5:00  Roach x2  
  69  5:01  Roach x2  
  69  5:03  Roach  
  69  5:05  Overlord  
  79  5:10  Roach  
  79  5:12  Glial Reconstitution  
  81  5:16  Extractor  
  81  5:19  Roach x2  
  88  5:21  Roach x2  
  88  5:22  Roach  
  88  5:23  Overlord  
  88  5:25  Roach  
  88  5:28  Roach  
  94  5:30  Roach  
  94  5:31  Roach  
  94  5:46  Drone x3  
  94  5:47  Drone x2  
  94  5:48  Roach x3  
  94  5:49  Overlord  
  105  5:56  Zerg Missile Weapons Level 2  
  105  5:59  Overlord x2  
  105  6:04  Overlord  
  105  6:07  Overlord  
  105  6:08  Drone  
  105  6:09  Roach  
  105  6:10  Roach  
  110  6:12  Ravager  
  110  6:13  Roach  
  110  6:16  Overlord  
  113  6:18  Roach  
  113  6:19  Roach  
  113  6:24  Roach x2  
  113  6:25  Roach  
  123  6:28  Roach x2  
  123  6:30  Roach  
  127  6:34  Roach x2  
  127  6:37  Roach  
  133  6:41  Roach x2  
  133  6:44  Overlord  
  137  6:48  Roach  
  137  6:49  Roach x2  
  141  6:55  Roach x2  
  143  7:04  Roach x2  
  143  7:05  Roach x3  
  143  7:07  Roach  
  143  7:08  Roach  
  132  7:13  Roach  
  132  7:15  Roach  
  126  7:16  Roach  
  126  7:21  Roach  
  126  7:22  Roach  
  130  7:25  Roach  
  130  7:26  Roach, Overlord  
  130  7:27  Roach  
  136  7:30  Roach, Extractor  
  136  7:31  Drone x2  
  139  7:37  Drone  
  139  7:38  Drone  
  139  7:40  Extractor  
  139  7:41  Queen  
  142  7:44  Drone  
  142  7:48  Drone x4  
  147  7:52  Drone x3  
  147  7:55  Pneumatized Carapace  
  147  7:57  Drone  
  151  8:00  Roach  
  151  8:01  Roach  
  151  8:05  Drone x2  
  157  8:10  Roach  
  161  8:12  Roach  
  156  8:20  Roach x2  
  156  8:23  Roach  
  156  8:26  Roach x3  
  148  8:36  Roach  
  134  8:41  Roach x2  
  134  8:45  Zerg Ground Armor Level 1  
  134  8:48  Ravager  
  134  8:49  Ravager x2  
  134  8:50  Roach x3  
  134  8:51  Roach x2  
  134  8:52  Roach x2  
  147  8:58  Ravager  
  147  8:59  Ravager  
  147  9:00  Ravager  
  147  9:01  Roach x3  
  154  9:04  Queen  
  154  9:09  Roach x2  
  160  9:16  Roach x3  
  162  9:25  Overlord x2  
  162  9:27  Tunneling Claws  
  162  9:28  Burrow  
  154  9:39  Roach x4  
  154  9:45  Roach x5  
  172  9:49  Roach  
  167  9:55  Roach x3  
  122  10:16  Roach x5  
  120  10:24  Roach x2  
  122  10:30  Roach  
Show
View Real Time Build Order
Export as new Build Order

eGGz Zerg 

Build Orders: Hatch First 

Get SALT Encoding   

  12  0:01  Drone  
  13  0:13  Overlord  
  13  0:16  Drone  
  14  0:31  Drone x2  
  16  0:40  Drone  
  17  0:52  Hatchery  
  16  1:05  Spawning Pool  
  16  1:07  Drone  
  16  1:13  Drone  
  17  1:20  Drone  
  17  1:21  Extractor  
  17  1:28  Drone  
  18  1:42  Drone  
  19  1:51  Queen  
  21  2:02  Overlord  
  21  2:03  Drone  
  21  2:04  Drone  
  21  2:05  Queen  
  21  2:06  Drone  
  26  2:14  Drone  
  28  2:15  Zergling x2  
  28  2:24  Drone  
  28  2:26  Drone  
  30  2:32  Queen  
  32  2:41  Overlord  
  32  2:42  Drone  
  33  2:46  Drone  
  33  2:50  Drone  
  35  2:57  Evolution Chamber, Drone  
  35  3:01  Drone x3  
  38  3:08  Drone  
  38  3:10  Drone  
  38  3:11  Drone  
  41  3:13  Lair  
  41  3:15  Roach Warren  
  40  3:21  Drone x2  
  40  3:26  Zerg Missile Weapons Level 1  
  41  3:29  Extractor  
  41  3:30  Extractor  
  41  3:33  Evolution Chamber, Drone  
  41  3:34  Drone  
  40  3:46  Overlord  
  40  3:47  Drone  
  41  3:49  Overlord  
  41  3:55  Roach  
  43  4:03  Overlord  
  43  4:05  Roach x2  
  43  4:06  Roach  
  43  4:07  Drone  
  50  4:10  Glial Reconstitution  
  50  4:16  Roach x2  
  54  4:21  Roach x2, Extractor  
  57  4:24  Roach  
  57  4:27  Drone x2  
  61  4:44  Overlord  
  61  4:47  Drone x3  
  61  4:49  Roach x2  
  65  5:03  Overlord  
  65  5:04  Roach x2  
  65  5:05  Roach  
  71  5:10  Roach x2  
  71  5:11  Hatchery  
  74  5:14  Pneumatized Carapace  
  74  5:21  Roach x2  
  78  5:22  Overlord  
  78  5:26  Overlord  
  78  5:30  Roach  
  78  5:34  Overlord  
  80  5:43  Roach x2  
  80  5:47  Roach x2  
  88  6:01  Roach x2  
  88  6:02  Roach x3  
  98  6:07  Ravager x2  
  98  6:08  Roach  
  103  6:11  Ravager  
  103  6:12  Roach  
  103  6:13  Ravager  
  103  6:15  Roach  
  108  6:22  Overlord  
  108  6:26  Roach  
  108  6:27  Roach x2  
  114  6:34  Overlord  
  114  6:38  Overlord  
  114  6:41  Roach x2  
  118  6:47  Roach  
  118  6:48  Roach  
  122  6:57  Roach  
  122  6:58  Roach x2  
  122  7:04  Roach  
  122  7:05  Roach x2  
  110  7:12  Roach  
  110  7:13  Roach  
  102  7:19  Ravager x3  
  102  7:20  Ravager x2  
  105  7:27  Roach x3  
  111  7:35  Roach x2  
  111  7:36  Roach  
  117  7:37  Drone  
  117  7:43  Roach  
  117  7:44  Roach  
  122  7:50  Roach x2  
  126  7:54  Roach  
  126  7:55  Roach  
  130  8:02  Roach x3  
  136  8:06  Overlord  
  134  8:21  Roach x2  
  134  8:22  Roach x2  
  130  8:33  Roach x4  
  130  8:34  Roach  
  118  8:44  Roach x4  
  118  8:45  Ravager  
  121  8:52  Roach x2  
  114  8:57  Roach x2  
  114  9:01  Ravager x2  
  114  9:02  Ravager  
  118  9:10  Roach x2  
  118  9:16  Roach  
  122  9:29  Roach  
  122  9:30  Roach x2  
  124  9:36  Roach x2  
  128  9:43  Roach x3  
  134  9:49  Roach x2  
  81  10:16  Roach  
  81  10:17  Roach x6  
  81  10:18  Roach  
  81  10:23  Roach  
  81  10:26  Roach x2  
Tags
 
Add a new tag
Caveats
  • Supply blocks, unpowered buildings, or Contaminate may cause inaccurate times.
  • Supply counts are checked every 10 seconds.